 Dungeon Crawl Stone Soup version 0.27.1 (webtiles) character file.

Game seed: 3097487868803680529

549 Destapler the Ducker (level 7, 0/50 HPs)
             Began as a Djinni Ice Elementalist on Aug 24, 2021.
             Was an Initiate of Makhleb.
             Slain by a phantom (1 damage)
             ... on level 5 of the Dungeon.
             The game lasted 00:23:33 (5773 turns).

Destapler the Ducker (Djinni Ice Elementalist)      Turns: 5773, Time: 00:23:35

Health: 0/50       AC:  8    Str:  7    XL:     7   Next: 54%
Gold:   217        EV: 13    Int: 18    God:    Makhleb [......] SH:  5 Dex: 14

rFire    + + .     SeeInvis .   a - +2 dagger (venom)
rCold    x . .     Faith    .   (no shield)
rNeg     + . .     Spirit   .   r - +0 robe
rPois    ∞         Reflect  +   (no helmet)
rElec    .         Harm     .   (no cloak)
rCorr    .         Rampage  .   (no gloves)
Will     .....                  (boots unavailable)
Stlth    ++........             g - amulet of reflection
HPRegen  0.16/turn              A - ring of positive energy
MPRegen  0.00/turn              (no ring)

@: ice-armoured, freezing walls, flying
A: sickness immunity, fire resistance 2, cold vulnerability 1, float, innate
caster, hp casting, extra vitality 1
a: Renounce Religion


You were on level 5 of the Dungeon.
You worshipped Makhleb.
Makhleb was noncommittal.
You visited 2 branches of the dungeon, and saw 6 of its levels.

You collected 217 gold pieces.

Inventory:

Hand Weapons
 a - a +2 dagger of venom (weapon)
 b - a +0 dagger
Missiles
 k - 4 javelins
 u - 8 atropa-tipped darts
 v - 8 poisoned darts
 y - 5 boomerangs
Armour
 r - a +0 robe (worn)
Jewellery
 g - an amulet of reflection (around neck)
 A - a ring of positive energy (left hand)
Wands
 p - a wand of digging (2)
Scrolls
 c - 3 scrolls of identify {unknown}
 d - a scroll of torment {unknown}
 f - a scroll of magic mapping {unknown}
 i - a scroll of enchant weapon {unknown}
 j - a scroll of fog {unknown}
 m - 2 scrolls of teleportation {unknown}
 n - a scroll of summoning {unknown}
 s - 2 scrolls of noise {unknown}
 t - a scroll of acquirement {unknown}
 w - a scroll of blinking {unknown}
 z - a scroll of vulnerability {unknown}
 Z - 3 scrolls of immolation {unknown}
Potions
 e - 2 potions of resistance {unknown}
 h - a potion of curing {unknown}
 l - a potion of flight {unknown}
 o - a potion of invisibility {unknown}
 q - 2 potions of might {unknown}
 x - a potion of brilliance {unknown}


   Skills:
 + Level 3.1 Fighting
 + Level 4.2 Dodging
 - Level 2.5 Stealth
 - Level 3.0 Shields
 + Level 4.2 Spellcasting
 - Level 2.0 Evocations


You couldn't memorise any spells.
You knew the following spells:

 Your Spells              Type           Power      Damage    Failure   Level
a - Freeze                Ice            76%        1d9       2%          1
b - Frozen Ramparts       Ice            38%        1d5       8%          3
c - Ozocubu's Armour      Ice            19%        N/A       8%          3
d - Hailstorm             Conj/Ice       19%        3d6       26%         4
e - Summon Small Mammal   Summ           76%        N/A       2%          1
f - Corpse Rot            Necr/Air       N/A        N/A       3%          2
B - Blink                 Tloc           N/A        N/A       3%          2
Your spell library was empty.

Dungeon Overview and Level Annotations

Branches:
Dungeon (5/15)             Temple (1/1) D:5

Altars:
Ashenzari
Dithmenos
Fedhas
Gozag
Hepliaklqana
Kikubaaqudgha
Makhleb
Nemelex Xobeh
Okawaru
Qazlal
Ru
Trog
Uskayaw
Vehumet
Yredelemnul
Zin
The Shining One

Shops:
D:2 =   D:3 *   D:4 *


Innate Abilities, Weirdness & Mutations

You are immune to sickness and miasma.
You are immune to poison.
Your flesh is very heat resistant. (rF++)
You are vulnerable to cold. (rC-)
You float through the air rather than walking.
You learn spells naturally, not from books.
Your magical power is your life essence.
You have superior vitality. (+4 HP)


Message History

The phantom blinks!
You blink.
You hit the phantom.
The phantom is moderately damaged.
The phantom hits you.
* * * LOW HITPOINT WARNING * * *
A gnoll comes into view. It is wielding a +0 spear.
You hit the phantom.
The phantom is moderately damaged.
The phantom hits you but does no damage.
A gnoll shaman comes into view. It is wielding a +0 whip.
The gnoll shaman shouts!
You hit the phantom.
The phantom is heavily damaged.
The phantom hits you.
* * * LOW HITPOINT WARNING * * *
The phantom blinks!
You blink. 2 gnolls come into view.
The gnoll misses you.
Casting: Freeze (safe; 2% risk of failure)
Confirm with . or Enter, or press ? or * to list all spells.
A film of ice covers your body!
The gnoll shouts!
* * * LOW HITPOINT WARNING * * *
You hear a shout!
The gnoll throws a stone.
You reflect the stone off an invisible shield around you!
The stone barely misses the gnoll.
The stone hits the gnoll!
The gnoll shaman hits you with a +0 whip.
* * * LOW HITPOINT WARNING * * *
The phantom misses you. You block the gnoll's attack.
Casting: Ozocubu's Armour (dangerous; 8% risk of failure)
Confirm with . or Enter, or press ? or * to list all spells.
Casting: Frozen Ramparts (dangerous; 8% risk of failure)
Press: ? - help, Dir - look around, f - activate The walls around you are covered in ice.
* * * LOW HITPOINT WARNING * * *
The phantom completely resists.
The wall freezes the phantom but does no damage.
The phantom hits you.
You die...

##.# #...........#
#.####..........##
#.#....#.#.##...# ......#
#.#.##............. ......#
######...##............. .......
..#.....####........<....
?.....#
#).......................
......#
##..##..g###.............
...<..####.####W@.######.#......
................g...g.##.####.##
#.# ##.####.##...g.. #.# ##.#
##.# ##.### ####.####..###.§#
... ...§..§...#.....# #..
...§....(##.###.# .
.........##.# #..# ####.#####..#
####


You could see a phantom, a gnoll shaman and 3 gnolls.

Vanquished Creatures
  A sky beast (D:5)
  An ogre (D:5)
  A scorpion (D:5)
  A hound (D:3)
  An orc priest (D:5)
  An iguana (D:4)
  Ijyb (D:3)
  4 gnolls (D:5)
  3 adders
  2 worms
  A dart slug (D:4)
  13 orcs
  2 bats
  6 endoplasms
  7 giant cockroaches
  20 goblins
  9 hobgoblins
  4 jackals
  3 quokkas
  3 ball pythons
  A frilled lizard (D:2)
  21 kobolds
  7 rats
113 creatures vanquished.

Vanquished Creatures (collateral kills)
  A ball python (D:1)
1 creature vanquished.

Vanquished Creatures (others)
  4 plants (D:5)
4 creatures vanquished.

Grand Total: 118 creatures vanquished

Notes
Turn   | Place    | Note
-------+----------+-------------------------------------------
     0 | D:1      | Destapler the Djinni Ice Elementalist began the quest for
                  | the Orb.
     0 | D:1      | Reached XP level 1. HP: 15/15 MP: 0/0
   419 | D:1      | Reached XP level 2. HP: 20/22 MP: 0/0
   909 | D:1      | Reached XP level 3. HP: 19/26 MP: 0/0
   909 | D:1      | Learned a level 1 spell: Summon Small Mammal
  1163 | D:1      | Found a faded altar of an unknown god.
  1346 | D:2      | Found a sacrificial altar of Ru.
  1351 | D:2      | Reached skill level 1 in Fighting
  1490 | D:2      | Reached skill level 1 in Shields
  1887 | D:2      | Found Cugifim's Jewellery Emporium.
  2188 | D:3      | Found a glowing golden altar of the Shining One.
  2194 | D:3      | Noticed Ijyb
  2209 | D:3      | Killed Ijyb
  2210 | D:3      | Reached XP level 4. HP: 12/32 MP: 0/0
  2462 | D:3      | Found a hazy altar of Hepliaklqana.
  2729 | D:3      | Found Juseypov's General Store.
  2812 | D:3      | Reached XP level 5. HP: 14/38 MP: 0/0
  2812 | D:3      | Learned a level 2 spell: Corpse Rot
  3430 | D:3      | Found a blossoming altar of Fedhas.
  3495 | D:4      | Found an opulent altar of Gozag.
  4371 | D:4      | Found Gozag's Platinum Reserve.
  4444 | D:4      | Reached XP level 6. HP: 40/43 MP: 0/0
  4493 | D:5      | Entered Level 5 of the Dungeon
  4493 | D:5      | Noticed a sky beast
  4501 | D:5      | Killed a sky beast
  4502 | D:5      | Reached skill level 1 in Evocations
  5103 | D:5      | Reached XP level 7. HP: 33/49 MP: 0/0
  5103 | D:5      | Learned a level 2 spell: Blink
  5485 | D:5      | Found a staircase to the Ecumenical Temple.
  5502 | Temple   | Entered the Ecumenical Temple
  5656 | Temple   | Became a worshipper of Makhleb the Destroyer
  5773 | D:5      | Slain by a phantom

Illustrated notes

Levels and vault maps discovered:
D:1:      dpeg_arrival_orchard, layout_loops_corners,
          hellmonk_ecumenical_altar_pennies_from_heaven, minmay_statues_item
D:2:      layout_rooms, serial_shops, shop, basic_altar
D:3:      layout_rooms, nzn_hepliaklqana_mist_gate, mainiacjoe_overflow_paths,
          fedhas_altar_4, serial_shops, nicolae_shop_crystal,
          minmay_door_square, minmay_increasing_density, uniq_ijyb
D:4:      layout_rooms, nicolae_gozag_zags_fifth_avenue
D:5:      corexii_shantytown, layout_rooms, minmay_temple_entry_grid,
          serial_shops, shop
Temple:   minmay_temple_bridge_abc

Skill      XL: |  1  2  3  4  5  6  7 |
---------------+----------------------+-----
Fighting       | 1 2 3 |  3.1
Stealth        | 2 |  2.5
Shields        | 1 2 3 |  3.0
Dodging        | 3 4 |  4.2
Evocations     | 1 2 |  2.0
Spellcasting   | 4 |  4.2

Action                   |  1- 3 |  4- 6 |  7- 9 || total
-------------------------+-------+-------+-------++-------
Melee: Dagger            |    27 |    44 |    17 ||    88
 Cast: Freeze            |    42 |    45 |    14 ||   101
       Frozen Ramparts   |     4 |    13 |     4 ||    21
       Ozocubu's Armour  |     1 |     7 |     4 ||    12
       Summon Small Mamm |     1 |       |       ||     1
 Stab: Sleeping          |     2 |     3 |       ||     5
Armor: Robe              |    10 |    14 |     1 ||    25
Dodge: Dodged            |    36 |    37 |    13 ||    86
Block: Other             |    10 |    19 |     4 ||    33
       Reflection        |       |     1 |     2 ||     3
